 Dungeon Crawl Stone Soup version 0.20.0-15-g7f486f2 (webtiles) character file.

33 robba the Sneak (level 3, 0/16 HPs)
             Began as a Spriggan Earth Elementalist on June 26, 2017.
             Succumbed to an adder's poison
             ... on level 1 of the Dungeon.
             The game lasted 00:08:02 (1404 turns).

robba the Sneak (Spriggan Earth Elementalist)       Turns: 1404, Time: 00:08:02

Health: 0/16       AC:  2    Str:  9    XL:     3   Next: 12%
Magic:  5/8        EV: 18    Int: 17    God:
Gold:   59         SH:  0    Dex: 16    Spells: 7/8 levels left

rFire    . . .     SeeInvis +   a - +0 short sword
rCold    . . .     Gourm    .   (shield restricted)
rNeg     . . .     Faith    .   c - +0 robe
rPois    .         Spirit   .   (helmet restricted)
rElec    .         Reflect  .   (no cloak)
rCorr    .         Harm     .   (gloves unavailable)
MR       .....                  (boots unavailable)
Stlth    +++.......             (no amulet)
Regen    0.1/turn               (no ring)
MPRegen  0.2/turn               (no ring)

@: mighty, lethally poisoned (0 -> -4), very quick
A: unfitting armour, see invisible, herbivore 3, speed 3, slow metabolism 2
a: no special abilities


You were on level 1 of the Dungeon.
You were not hungry.

You visited 1 branch of the dungeon, and saw 2 of its levels.

You collected 59 gold pieces.

Inventory:

Hand Weapons
 a - a +0 short sword (weapon)
Missiles
 b - 69 stones (quivered)
 f - 76 arrows
 g - 12 sling bullets
Armour
 c - a +0 robe (worn)
Scrolls
 i - 2 scrolls of identify
 j - a scroll of fear
Books
 e - a book of Geomancy

   Spells                             Type                      Level
   a - Sandblast                      Earth                        1
   b - Passwall                       Transmutation/Earth          2
   c - Stone Arrow                    Conjuration/Earth            3
   d - Petrify                        Transmutation/Earth          4
   e - Lee's Rapid Deconstruction     Earth                        5
Comestibles
 d - a bread ration


   Skills:
 * Level 1.0 Short Blades
 + Level 3.3 Dodging
 + Level 3.4 Stealth
 + Level 3.1 Spellcasting
   Level 1.3 Transmutations
 + Level 3.1 Earth Magic


You had 7 spell levels left.
You knew the following spells:

 Your Spells              Type           Power        Failure   Level  Hunger
a - Sandblast             Erth           ##....       4%          1    None


Dungeon Overview and Level Annotations

Branches:
Dungeon (2/15)

Altars:

Annotations:
D:2 Crazy Yiuf


Innate Abilities, Weirdness & Mutations

You are very small and have problems with some larger weapons.
You are too small for most types of armour.
You have supernaturally acute eyesight. (SInv)
You are a herbivore.
You cover ground extremely quickly.
You need consume almost no food.


Message History

You have reached level 3!
Your experience leads to an increase in your attributes!
Increase (S)trength, (I)ntelligence, or (D)exterity?
You feel clever.
b - 69 stones
* * * LOW HITPOINT WARNING * * *
You feel sick.
There is a lethal amount of poison in your body!
You feel very mighty all of a sudden.
* * * LOW HITPOINT WARNING * * *
You feel sick.
Found a stone staircase leading up.
* * * LOW HITPOINT WARNING * * *
You feel sick.
There is a stone staircase leading up here.
You climb upwards.
There is a stone staircase leading down here.
* * * LOW HITPOINT WARNING * * *
You feel sick.
You die...

#.#.....#.#.#.# #.#.....#.#.#.#
#>#..#..#.#.... ####
#.#.....#.###.# ...#
#.#^...#......# ##.#
#.........##### ##.#
#..............
##.################...#..#.......
##.#............@.....#..........
##.#.##.....###########.###....#.
...#.##..........................
####.##.....###########.#.......#
...#.##.....## #.#.#####..
.#.#.##......#### #.#.# #.#
.#.####.#.##.#..# #.#.#####.#
.#.####.#.##.#..#######.....#.#.#
.#......#.##.#..........#.#.#.#.#


There were no monsters in sight!

Vanquished Creatures
  An adder (D:2)
  A dart slug (D:1)
  5 bats
  4 goblins
  7 kobolds
  8 rats
26 creatures vanquished.

Notes
Turn   | Place    | Note
-------+----------+-------------------------------------------
     0 | D:1      | robba the Spriggan Earth Elementalist began the quest for the Orb.
     0 | D:1      | Reached XP level 1. HP: 9/9 MP: 5/5
   448 | D:1      | Reached XP level 2. HP: 13/13 MP: 6/6
  1330 | D:2      | Found a runed door.
  1334 | D:2      | Noticed Crazy Yiuf
  1384 | D:2      | Reached skill level 1 in Short Blades
  1384 | D:2      | Reached XP level 3. HP: 5/16 MP: 4/8
  1404 | D:1      | Succumbed to an adder's poison

Skill      XL: |  1  2 |
---------------+-------+-----
Earth Magic    | 3 |  3.1
Spellcasting   | 3 |  3.1
Short Blades   | 1 |  1.0
Dodging        | |  3.3
Stealth        | |  3.4
Transmutations | |  1.3

Action                   || total
-------------------------++-------
Melee: Short sword       ||    14
 Cast: Sandblast         ||    29
  Use: Scroll            ||     3
       Potion            ||     3
 Stab: Sleeping          ||     1
Armor: Robe              ||     2
Dodge: Dodged            ||    22
